Map: 2000 Atmospheres LE

Players

Krystianer - Winner!

  • Race: Protoss Protoss

Kas

  • Race: Terran Terran

Event: DreamHack SC2 Masters 2021 Fall

VOD

Have the link to the VOD?

Description

Time

  • Played on: Aug. 3, 2021, 10:17 a.m.
  • Length: 11:39

All games in this series

Show
View Real Time Build Order
Export as new Build Order

Krystianer Protoss - Winner!

Build Orders: 1 Gate Expand, Blink Stalkers, Chargelot Immortal 

Get SALT Encoding   

  12  0:00  Probe  
  13  0:12  Probe  
  14  0:16  Pylon  
  14  0:24  Probe (Chrono Boost)  
  16  0:36  Gateway, Probe (Chrono Boost)  
  16  0:43  Probe (Chrono Boost)  
  16  0:45  Assimilator  
  17  0:50  Probe  
  18  1:02  Probe  
  19  1:15  Probe  
  20  1:21  Nexus  
  20  1:30  Cybernetics Core  
  20  1:33  Probe  
  20  1:38  Assimilator  
  21  1:45  Probe  
  22  1:50  Pylon  
  22  1:57  Probe  
  23  2:05  Adept (Chrono Boost)  
  23  2:07  Warp Gate  
  25  2:10  Probe  
  26  2:18  Twilight Council  
  26  2:22  Probe  
  27  2:25  Stalker (Chrono Boost)  
  28  2:33  Probe (Chrono Boost)  
  30  2:40  Probe (Chrono Boost)  
  30  2:43  Probe (Chrono Boost)  
  31  2:47  Probe (Chrono Boost)  
  31  2:48  Probe (Chrono Boost)  
  33  2:58  Probe  
  32  2:59  Probe (Chrono Boost)  
  32  3:01  Blink  
  33  3:09  Stalker  
  33  3:11  Probe (Chrono Boost)  
  37  3:16  Probe (Chrono Boost)  
  38  3:20  Probe (Chrono Boost)  
  38  3:24  Probe (Chrono Boost)  
  38  3:26  Probe  
  40  3:34  Probe  
  40  3:38  Probe  
  40  3:39  Robotics Facility  
  42  3:42  Gateway  
  42  3:46  Probe  
  43  3:50  Probe  
  43  3:53  Gateway x2  
  43  3:54  Pylon  
  44  3:56  Stalker  
  44  4:00  Assimilator  
  46  4:07  Pylon  
  46  4:12  Probe x2  
  48  4:24  Warp Prism (Chrono Boost)  
  48  4:25  Probe x2  
  48  4:26  Pylon  
  52  4:31  Stalker  
  52  4:36  Stalker  
  56  4:41  Probe x2  
  56  4:49  Stalker x2  
  56  4:52  Pylon  
  60  4:53  Observer  
  60  4:55  Stalker  
  60  4:57  Probe  
  64  5:16  Stalker  
  64  5:17  Stalker x3  
  64  5:21  Pylon  
  72  5:35  Probe  
  73  5:42  Stalker x4  
  71  5:48  Nexus  
  71  5:49  Probe  
  72  5:50  Probe  
  71  6:02  Probe  
  71  6:06  Stalker x3  
  71  6:08  Stalker  
  71  6:10  Probe  
  79  6:12  Observer  
  79  6:15  Probe  
  81  6:22  Probe  
  81  6:23  Pylon  
  82  6:32  Stalker x2  
  84  6:38  Charge (Chrono Boost), Probe (Chrono Boost)  
  86  6:41  Pylon  
  86  6:42  Probe (Chrono Boost)  
  86  6:46  Pylon  
  87  6:49  Probe (Chrono Boost)  
  87  6:50  Probe (Chrono Boost)  
  87  6:53  Probe (Chrono Boost)  
  81  6:56  Probe  
  83  7:01  Probe  
  83  7:03  Stalker x4  
  83  7:04  Probe  
  83  7:08  Probe  
  92  7:14  Probe  
  81  7:20  Probe  
  82  7:25  Gateway  
  82  7:27  Stalker  
  82  7:28  Gateway  
  82  7:29  Gateway  
  83  7:31  Gateway  
  83  7:32  Stalker x3  
  83  7:36  Shield Battery  
  89  7:41  Templar Archives  
  89  7:48  Immortal (Chrono Boost)  
  89  7:50  Gateway  
  93  7:51  Gateway  
  93  7:53  Pylon  
  93  7:56  Assimilator  
  93  7:57  Zealot x2  
  97  8:00  Zealot  
  99  8:06  Zealot  
  99  8:17  Immortal (Chrono Boost)  
  103  8:22  Zealot x4  
  103  8:24  Zealot  
  113  8:27  Zealot x2  
  115  8:42  Zealot x5  
  125  8:49  Pylon, Immortal  
  129  9:02  Pylon  
  129  9:03  Pylon  
  129  9:08  Sentry  
  131  9:16  Zealot x7  
  139  9:25  Pylon  
  139  9:28  Immortal (Chrono Boost)  
  143  9:37  Zealot x7  
  145  9:46  Zealot x3  
  119  10:00  Zealot x2  
  119  10:01  Zealot x2, Stalker  
  119  10:02  Stalker x2  
  119  10:04  Warp Prism (Chrono Boost)  
  122  10:23  Zealot x7  
  122  10:24  Zealot  
  136  10:30  Zealot x2, Probe  
  125  10:49  High Templar x6  
  133  10:54  Zealot  
  133  10:55  Zealot x3, Archon x2  
  133  10:56  Archon  
  127  11:12  Nexus  
  127  11:16  Zealot x4  
  119  11:23  Zealot x3  
  119  11:24  Zealot x3  
  119  11:26  Probe  
  119  11:27  Probe  
Show
View Real Time Build Order
Export as new Build Order

Kas Terran 

Build Orders: Reaper Expand 

Get SALT Encoding   

  12  0:00  SCV  
  13  0:12  SCV  
  14  0:17  Supply Depot  
  14  0:24  SCV  
  15  0:38  SCV  
  15  0:39  Barracks  
  16  0:44  Refinery  
  16  0:50  SCV  
  17  1:02  SCV  
  18  1:14  SCV  
  19  1:27  Reaper, Orbital Command  
  20  1:50  Command Center  
  20  1:53  SCV  
  21  1:58  Supply Depot  
  21  1:59  Marine  
  22  2:05  SCV  
  23  2:09  Factory  
  23  2:20  SCV  
  24  2:23  Bunker  
  24  2:25  Barracks Reactor  
  24  2:32  SCV  
  25  2:37  Refinery  
  25  2:44  SCV  
  26  2:56  SCV  
  26  2:57  Hellion  
  28  2:59  Starport  
  28  3:01  Marine  
  28  3:02  Marine  
  28  3:05  Orbital Command  
  30  3:08  SCV  
  31  3:20  SCV  
  31  3:21  Marine x2  
  31  3:22  Widow Mine  
  36  3:35  SCV  
  36  3:36  Medivac  
  36  3:37  SCV  
  36  3:38  Marine x2  
  36  3:40  Supply Depot  
  42  3:43  Factory Tech Lab  
  42  3:47  SCV  
  41  3:49  SCV  
  42  3:59  SCV, Barracks  
  42  4:01  SCV  
  44  4:06  Marine x2  
  44  4:08  Supply Depot  
  46  4:11  SCV, Factory Tech Lab  
  46  4:13  SCV  
  46  4:14  Raven  
  46  4:16  Barracks  
  50  4:22  Engineering Bay  
  50  4:24  SCV  
  51  4:25  SCV  
  51  4:30  Refinery  
  52  4:33  Marine x2  
  52  4:36  SCV  
  52  4:37  SCV  
  55  4:46  Bunker  
  55  4:48  SCV  
  55  4:50  SCV  
  55  4:52  Terran Infantry Weapons Level 1  
  55  4:53  Marine x2  
  55  4:54  Barracks Tech Lab  
  55  4:58  Siege Tank  
  60  5:10  Marauder  
  62  5:15  Refinery, Supply Depot  
  62  5:16  Supply Depot  
  62  5:17  Marine x2  
  62  5:18  Viking  
  66  5:23  Marauder  
  68  5:34  Siege Tank  
  68  5:35  Marine  
  68  5:41  Marine  
  68  5:42  Marauder  
  64  5:47  Marine  
  64  5:48  SCV, Medivac  
  66  5:50  SCV  
  66  5:53  Marine  
  66  6:00  Marine  
  66  6:01  SCV  
  66  6:03  Marauder  
  63  6:05  Marauder  
  63  6:06  SCV, Siege Tank  
  63  6:11  Marine  
  69  6:14  SCV  
  69  6:18  Marine, SCV  
  70  6:20  Stimpack  
  71  6:26  SCV  
  71  6:28  Supply Depot, Marauder  
  71  6:29  Marauder  
  71  6:30  SCV  
  77  6:35  Starport Reactor  
  77  6:38  SCV  
  77  6:39  Marine x2  
  80  6:42  SCV  
  81  6:50  SCV  
  78  6:54  SCV, Factory Reactor  
  78  6:59  Marine x2, Marauder  
  78  7:00  Marauder  
  82  7:06  Combat Shield  
  73  7:18  Marine x2  
  73  7:19  SCV, Medivac x2  
  73  7:20  SCV  
  73  7:21  Marauder x2  
  82  7:31  SCV, Command Center  
  82  7:32  SCV  
  82  7:35  Marine, Widow Mine x2  
  89  7:39  Supply Depot x2  
  89  7:40  Terran Infantry Armor Level 1  
  89  7:42  Marauder  
  89  7:43  SCV  
  91  7:44  SCV  
  91  7:49  Marauder  
  94  7:55  SCV  
  94  8:00  Marine x2, Concussive Shells, Medivac x2  
  97  8:13  Marauder x2  
  97  8:18  Marine x2  
  107  8:20  SCV, Widow Mine x2  
  107  8:23  SCV  
  109  8:33  SCV  
  110  8:37  Medivac  
  110  8:43  Widow Mine x2, SCV, Medivac, Marauder x2, Marine x2  
  110  8:46  Orbital Command  
  123  8:48  SCV  
  122  9:01  Marine x2  
  124  9:04  Barracks, Marauder x2  
  124  9:05  Barracks  
  124  9:08  SCV  
  127  9:18  Medivac x2  
  127  9:20  Widow Mine  
  133  9:29  Supply Depot x2  
  133  9:30  Supply Depot  
  133  9:39  SCV x2  
  133  9:40  Marine x2  
  133  9:44  Marauder x2  
  117  9:58  Marine x2  
  109  10:01  Barracks Reactor  
  109  10:02  SCV  
  109  10:03  SCV  
  109  10:05  Marauder  
  109  10:06  Marauder  
  109  10:07  Orbital Command  
  115  10:12  Marauder  
  117  10:15  SCV  
  117  10:16  Marine x2  
  115  10:23  SCV  
  115  10:26  Marauder  
  115  10:27  Marauder  
  115  10:33  Widow Mine, Medivac, Marauder  
  115  10:34  Marine x2, Widow Mine  
  116  10:45  Marine x2  
  116  10:48  Marauder  
  116  10:49  Marauder  
  121  10:54  SCV, Marauder  
  121  10:55  SCV  
  121  10:56  Marine  
  107  11:08  Marine  
  107  11:09  Marauder  
  107  11:10  Marauder  
  103  11:13  Marine x2  
  103  11:16  Marauder  
  94  11:18  Marine  

Tags
 
Add a new tag
Caveats
  • Supply blocks, unpowered buildings, or Contaminate may cause inaccurate times.
  • Supply counts are checked every 10 seconds.